 Dungeon Crawl Stone Soup version 0.23.2-1-ga50397a6bc (webtiles) character file.

Game seed: 7235558406303591608

971 H0rd4k the Vandal (level 8, 0/58 HPs)
             Began as a Human Artificer on May 20, 2019.
             Slain by a crocodile (4 damage)
             ... on level 7 of the Dungeon.
             The game lasted 00:14:36 (6643 turns).

H0rd4k the Vandal (Human Artificer)                 Turns: 6643, Time: 00:14:36

Health: 0/58       AC:  6    Str: 21    XL:     8   Next: 39%
Magic:  11/11      EV: 11    Int: 11    God:
Gold:   240        SH:  3    Dex: 13    Spells: 7/7 levels left

rFire    + + .     SeeInvis +   o - +0 hunting sling
rCold    . . .     Gourm    .   (no shield)
rNeg     . . .     Faith    .   r - +0 scale mail {rF+}
rPois    .         Spirit   .   s - +0 hat {SInv}
rElec    .         Reflect  +   (no cloak)
rCorr    .         Harm     .   (no gloves)
MR       .....                  (no boots)
Stlth    +.........             t - +3 amulet of reflection
HPRegen  0.19/turn              z - ring of flight
MPRegen  0.12/turn              D - ring of protection from fire

@: mighty, about to teleport
A: no striking features
a: Evoke Flight


You were on level 7 of the Dungeon.
You were not hungry.

You visited 1 branch of the dungeon, and saw 7 of its levels.

You collected 240 gold pieces.

Inventory:

Hand Weapons
 a - a +0 short sword
 n - a +0 spear of freezing
 o - a +0 hunting sling (weapon)
 A - a +0 long sword
Missiles
 p - 38 sling bullets (quivered)
 u - 6 tomahawks
Armour
 b - a +0 leather armour
 r - a +0 scale mail of fire resistance (worn)
 s - a +0 hat of see invisible (worn)
 w - a +0 helmet
Jewellery
 h - an uncursed amulet of the gourmand
 q - a cursed ring of teleportation {unknown}
 t - a +3 amulet of reflection (around neck)
 z - a ring of flight (left hand)
 D - a ring of protection from fire (right hand)
Wands
 d - a wand of enslavement (14)
 e - a wand of random effects (23)
 F - a wand of digging (5)
Scrolls
 g - 6 scrolls of teleportation
 i - 5 scrolls of remove curse {unknown}
 l - 3 scrolls of identify {unknown}
 v - a scroll of noise {unknown}
 x - a scroll of fear {unknown}
 y - a scroll of fog {unknown}
 C - a scroll of enchant weapon {unknown}
Potions
 c - a potion of agility {unknown}
 j - a potion of flight {unknown}
 k - 2 potions of haste
 m - a potion of brilliance
 E - a potion of cancellation {unknown}
Comestibles
 f - 8 rations


   Skills:
 + Level 3.5 Fighting
 + Level 3.8(3.9) Short Blades
 + Level 0.9(2.5) Long Blades
 + Level 4.4 Slings
 + Level 0.2(2.7) Throwing
 + Level 3.1 Armour
 + Level 3.2 Dodging
 + Level 2.1 Stealth
 + Level 4.1 Evocations


You had 7 spell levels left.
You didn't know any spells.
Your spell library was empty.

Dungeon Overview and Level Annotations

Branches:
Dungeon (7/15)             Temple (0/1) D:7

Altars:
Ashenzari

Annotations:
D:1 exclusion: phantom
D:4 exclusion: downstairs, Pikel
D:5 exclusion: slave, Dowan, Duvessa
D:6 Edmund
D:7 exclusion: upstairs


Message History

Firing (i - inventory. (/) - cycle)
p - 39 sling bullets (quivered)
Press: ? - help, Shift-Dir - straight line, f/p - crocodile
Aim: a crocodile (moderately wounded)
You shoot a sling bullet.
The sling bullet hits the crocodile but does no damage.
The crocodile is moderately wounded.
The jackal skeleton bites you but does no damage.
The crocodile bites you!
* * * LOW HITPOINT WARNING * * *
The jackal skeleton barely misses you.
As you read the scroll labeled TUUREE BOUVE, it crumbles to dust.
You feel strangely unstable.
It was a scroll of teleportation.
The jackal skeleton bites you.
* * * LOW HITPOINT WARNING * * *
The crocodile barely misses you.
It was a potion of might.
You feel very mighty all of a sudden.
The jackal skeleton bites you but does no damage.
The crocodile bites you.
You die...

#.##...##.## .
#Z#.##...##..# ###..
.........†...####.....
#...((.>.....(.....#.#
#........(............
....##...##...........
.#..##...##..(#####..#
#..........#t#
.....##.#...#@# .####
#.#...#Z# #.......#
###...### ## ##......#
#........##.#####
#.####..........####
#.####...##........#
#...............##.#


You could see a crocodile and a jackal skeleton.

Vanquished Creatures
  A slave (D:4)
  An ogre (D:7)
  A centaur (D:5)
  2 worker ants
  3 scorpions
  A howler monkey (D:2)
  2 crimson imps
  2 bullfrog zombies
  A hound (D:4)
  A jelly (D:5)
  An orc priest (D:5)
  A bullfrog skeleton (D:7)
  An iguana (D:7)
  Jessica (D:2)
  2 hound skeletons
  4 gnolls (D:3)
  4 adders
  A shadow imp (D:5)
  An ooze (D:4)
  6 worms
  3 dart slugs
  6 leopard geckos
  2 orcs
  3 ball pythons (D:2)
  5 giant cockroaches
  13 hobgoblins
  11 jackals
  A quokka (D:4)
  7 bats
  6 frilled lizards
  9 goblins
  10 kobolds
  2 quokka zombies
  6 rats
121 creatures vanquished.

Vanquished Creatures (collateral kills)
  An orc wizard (D:5)
  3 orcs (D:5)
4 creatures vanquished.

Grand Total: 125 creatures vanquished

Notes
Turn   | Place    | Note
-------+----------+-------------------------------------------
     0 | D:1      | H0rd4k the Human Artificer began the quest for the Orb.
     0 | D:1      | Reached XP level 1. HP: 15/15 MP: 3/3
   153 | D:1      | Reached XP level 2. HP: 17/21 MP: 4/4
   214 | D:1      | Reached XP level 3. HP: 17/26 MP: 5/5
  1047 | D:2      | Reached XP level 4. HP: 19/32 MP: 6/6
  1139 | D:2      | Noticed a phantom
  1381 | D:2      | Reached skill level 1 in Armour
  1797 | D:2      | Reached XP level 5. HP: 18/37 MP: 7/7
  2068 | D:2      | Noticed Jessica
  2095 | D:2      | Killed Jessica
  3082 | D:3      | Reached XP level 6. HP: 26/44 MP: 8/8
  3087 | D:3      | Reached skill level 1 in Slings
  3579 | D:4      | Found a shattered altar of Ashenzari.
  4533 | D:5      | Entered Level 5 of the Dungeon
  4561 | D:5      | Noticed a slave
  4561 | D:5      | Noticed a slave
  4586 | D:5      | Reached XP level 7. HP: 51/51 MP: 9/9
  4949 | D:5      | Noticed Duvessa
  4949 | D:5      | Noticed Dowan
  5258 | D:5      | HP: 2/51 [centaur (4)]
  5588 | D:5      | Noticed Pikel
  5991 | D:6      | Reached XP level 8. HP: 43/58 MP: 11/11
  6097 | D:6      | Noticed Edmund
  6207 | D:7      | HP: 2/58 [crimson imp (3)]
  6597 | D:7      | Found a staircase to the Ecumenical Temple.
  6643 | D:7      | Slain by a crocodile

Skill      XL: |  1  2  3  4  5  6  7  8 |
---------------+-------------------------+-----
Short Blades   | 2 3 |  3.8
Armour         | 1 2 3 |  3.1
Slings         | 2 3 4 |  4.4
Fighting       | 2 3 |  3.5
Stealth        | 2 |  2.1
Dodging        | 3 |  3.2
Evocations     | 4 |  4.1
Long Blades    | |  0.9
Throwing       | |  0.2

Action                   |  1- 3 |  4- 6 |  7- 9 || total
-------------------------+-------+-------+-------++-------
Melee: Short sword       |   106 |   262 |    43 ||   411
       Long sword        |       |       |    48 ||    48
 Fire: Hunting sling     |       |    43 |   146 ||   189
Throw: Tomahawk          |       |     3 |       ||     3
Evoke: Wand              |     4 |     7 |    12 ||    23
  Use: Potion            |       |     1 |     5 ||     6
       Scroll            |       |       |     1 ||     1
 Stab: Sleeping          |     1 |     1 |       ||     2
  Eat: Chunk             |       |    11 |     7 ||    18
       Ration            |       |       |     1 ||     1
Armor: Leather armour    |    23 |    44 |     9 ||    76
       Scale mail        |       |       |    45 ||    45
Dodge: Dodged            |    62 |   167 |    84 ||   313
Block: Other             |       |    25 |    16 ||    41
       Reflection        |       |     4 |       ||     4
       Rpst.: Long sword |       |       |     9 ||     9
